 Dungeon Crawl Stone Soup version 0.30.0-10-gfe55d96785 (webtiles) character file.

Game seed: 4305641875040151993

275 RKaid the Trooper (level 6, 0/48 HPs)
             Began as a Demonspawn Wanderer on May 16, 2023.
             Killed from afar by an orc wizard (2 damage)
             ... with a puff of flame
             ... on level 4 of the Dungeon.
             The game lasted 00:08:38 (3037 turns).

RKaid the Trooper (Demonspawn Wanderer)             Turns: 3037, Time: 00:08:39

Health: 0/48       AC:  7    Str: 16    XL:     6   Next: 3%
Magic:  7/7        EV: 12    Int: 13    God:
Gold:   123        SH:  0    Dex: 11    Spells: 6/7 levels left

rFire   . . .        a - +2 hand axe
rCold   . . .        (no shield)
rNeg    . . .        d - +0 leather armour
rPois   .            (helmet restricted)
rElec   .            u - +0 cloak
rCorr   .            j - +2 pair of gloves
SInv    .            (no boots)
Will    .....        (no amulet)
Stlth   +            (no ring)
HPRegen 0.28/turn    (no ring)
MPRegen 0.20/turn

%: no passive effects
@: no status effects
A: antennae 2, magic regeneration
a: no special abilities


You were on level 4 of the Dungeon.
You visited 1 branch of the dungeon, and saw 4 of its levels.

You collected 149 gold pieces.
You spent 26 gold pieces at shops.

Inventory:

Hand Weapons
 a - a +2 hand axe (weapon)
 t - a +0 spear of freezing
   (You took it off a gnoll on level 3 of the Dungeon)
Armour
 d - a +0 leather armour (worn)
 j - a +2 pair of gloves (worn)
   (You found it on level 1 of the Dungeon)
 u - a +0 cloak (worn)
   (You found it on level 3 of the Dungeon)
Jewellery
 p - a ring of fire {rF+, rC-}
   (You found it on level 2 of the Dungeon)
Wands
 b - a wand of flame (3)
Scrolls
 e - a scroll of amnesia {unknown}
 f - a scroll of enchant armour {unknown}
 g - a scroll of silence {unknown}
 h - 2 scrolls of noise {unknown}
 i - a scroll of identify
 l - 3 scrolls of teleportation {unknown}
 q - a scroll of fear {unknown}
 r - 2 scrolls of immolation {unknown}
 s - a scroll of torment {unknown}
 x - 2 scrolls of blinking {unknown}
 y - a scroll of poison {unknown}
Potions
 m - 3 potions of attraction {!q}
 n - a potion of might {unknown}
 o - 2 potions of flight
 w - a potion of mutation {unknown}


   Skills:
 + Level 3.7 Fighting
 - Level 3.4 Axes
 + Level 3.6 Dodging
 - Level 1.0 Stealth
 - Level 1.0 Spellcasting
 - Level 2.1 Necromancy
 - Level 2.0 Evocations


You had 6 spell levels left.
You knew the following spells:

 Your Spells              Type           Power      Damage    Failure   Level
a - Kiss of Death         Conj/Necr      12%        2d6       22%         1

Your spell library contained the following spells:

 Spells                   Type           Power      Damage    Failure   Level
 Vampiric Draining        Necr           6%         2d6       38%         3


Dungeon Overview and Level Annotations

Branches:
Dungeon (4/15)
 Temple: D:4-7

Altars:

Shops:
D:2 ?


Innate Abilities, Weirdness & Mutations

You have a pair of antennae on your head.
You regenerate magic rapidly.


Message History

The orc closely misses you.
You bump into the rock wall.
Something barely misses you. The orc hits you but does no damage.
The orc priest closely misses you. The orc closely misses you.
Something completely misses you.
It was a potion of attraction.
You feel attractive to monsters.
You hear some strange, mumbled words.
Something tries to affect you, but you resist.
The orc barely misses you. The orc priest misses you.
The orc hits you but does no damage.
You bump into the rock wall.
You feel less confused. Something hits you but does no damage.
The orc hits you with a +0 dagger.
The orc priest mumbles some strange prayers to Beogh against you.
You barely resist. The orc misses you.
It was a potion of heal wounds.
You feel much better. Something hits you. The orc closely misses you.
The orc priest misses you. The orc barely misses you.
You hear some strange, mumbled words.
A puff of flame appears from out of thin air!
The puff of flame misses you.
You slash the orc priest! You hit the orc.
You kill the orc!
You hit the orc.
You kill the orc!
You closely miss something.
The orc priest hits you but does no damage.
Something hits you.
You barely miss the orc priest. You closely miss something.
You hear some strange, mumbled words.
A puff of flame appears from out of thin air!
The puff of flame hits you.
The orc priest hits you but does no damage.
You hit the orc priest but do no damage.
You barely miss something. Something hits you.
The orc priest calls down the wrath of Beogh upon you.
Beogh smites you! Something hits you.
You are too injured to fight recklessly!
You barely miss the orc priest. You hit something but do no damage.
The orc priest hits you with a +0 hand axe.
Something hits you.
You hit the orc priest. You closely miss something.
Something hits you but does no damage.
The orc priest hits you with a +0 hand axe.
* * * LOW HITPOINT WARNING * * *
Something hits you but does no damage.
You barely miss the orc priest. You hit something.
The orc priest hits you but does no damage.
Something hits you but does no damage. x2
The orc priest begins to cast a cantrip, but forgets the words!
You hit the orc priest but do no damage.
You miss something. Something hits you.
* * * LOW HITPOINT WARNING * * *
The orc priest closely misses you.
You hit the orc priest. You miss something.
You hear some strange, mumbled words.
A puff of flame appears from out of thin air!
The puff of flame hits you.
* * * LOW HITPOINT WARNING * * *
The orc priest closely misses you. Something barely misses you.
It was a potion of cancellation.
Your magical effects are unravelling.
You feel magically purged. The orc priest barely misses you.
Something hits you.
* * * LOW HITPOINT WARNING * * *
You feel less attractive to monsters.
You miss something.
You hit the orc priest but do no damage.
You hear some strange, mumbled words.
A puff of flame appears from out of thin air!
The puff of flame hits you.
* * * LOW HITPOINT WARNING * * *
The orc priest closely misses you.
You hit the orc priest.
You kill the orc priest!
You barely miss something. Something hits you but does no damage.
You hear some strange, mumbled words.
A puff of flame appears from out of thin air!
The puff of flame hits you.
* * * LOW HITPOINT WARNING * * *
You have reached level 6!
Your demonic ancestry asserts itself...
The antennae on your head grow some more.
You feel better.
You hear some strange, mumbled words.
A puff of flame appears from out of thin air!
The puff of flame hits you!
* * * LOW HITPOINT WARNING * * *
You feel better. Something hits you.
* * * LOW HITPOINT WARNING * * *
You completely miss something. Something hits you.
* * * LOW HITPOINT WARNING * * *
Something hits you but does no damage.
You closely miss something. Something hits you but does no damage.
You miss something.
An orc wizard appears from thin air!
Reactivating autopickup.
The orc wizard closely misses you. The orc wizard casts a spell at you.
The puff of flame hits you.
You die...

# ### # ##. #.. . ..###### #.# .#
#.....# #.# #.# #..>..# #.#...#
#.....# #.#..##..
#...o)###........ #...)@).$.#..
#. #########.#.# #.# #.#.# #.#
#.#.# ####.######### #.#.#
#............#######.#.######
#.##.#..###..#.>.......<....#
..##.#..###..#.##...........#####
.†##..............###............


You could see an orc wizard.

Vanquished Creatures
  An orc priest (D:4)
  A hound (D:4)
  An iguana (D:4)
  An orc wizard (D:4)
  7 gnolls
  2 adders
  A worm (D:2)
  A dart slug (D:1)
  2 orcs (D:4)
  5 ball pythons
  8 endoplasms
  6 giant cockroaches
  5 goblins
  8 hobgoblins
  5 jackals
  3 quokkas
  3 bats (D:2)
  3 frilled lizards
  3 kobolds
  7 rats
73 creatures vanquished.

Notes
Turn   | Place    | Note
-------+----------+-------------------------------------------
     0 | D:1      | RKaid the Demonspawn Wanderer began the quest for the Orb.
     0 | D:1      | RKaid set off with the following items: a +2 hand axe, a
                  | wand of flame (4), a potion of curing, a +0 leather armour;
                  | and the following spell memorised: Kiss of Death; and the
                  | following spells available to memorise: Vampiric Draining.
     0 | D:1      | Reached XP level 1. HP: 13/13 MP: 2/2
   158 | D:1      | Reached skill level 1 in Fighting
   199 | D:1      | Gained mutation: You regenerate magic rapidly. [demonic
                  | ancestry]
   199 | D:1      | Reached XP level 2. HP: 21/21 MP: 3/3
   982 | D:2      | Reached XP level 3. HP: 26/26 MP: 4/4
  1027 | D:2      | Found Wijad's Magic Scroll Shoppe.
  1044 | D:2      | Found a faded altar of an unknown god.
  1270 | D:2      | Reached skill level 3 in Axes
  1270 | D:2      | Reached skill level 2 in Dodging
  1352 | D:2      | Bought a scroll of identify for 26 gold pieces
  1843 | D:2      | Reached skill level 2 in Fighting
  1974 | D:3      | Reached XP level 4. HP: 22/33 MP: 5/5
  2296 | D:3      | Gained mutation: You have a pair of small antennae on your
                  | head. [demonic ancestry]
  2296 | D:3      | Reached XP level 5. HP: 36/39 MP: 6/6
  2779 | D:4      | Reached skill level 3 in Dodging
  2844 | D:4      | Reached skill level 3 in Fighting
  3028 | D:4      | HP: 10/41 [something (3)]
  3031 | D:4      | HP: 4/41 [something/puff of flame (4)]
  3032 | D:4      | HP: 1/41 [something/puff of flame (3)]
  3033 | D:4      | Gained mutation: You have a pair of antennae on your head.
                  | [demonic ancestry]
  3033 | D:4      | Reached XP level 6. HP: 1/48 MP: 7/7
  3037 | D:4      | Killed from afar by an orc wizard

Illustrated notes

Levels and vault maps discovered:
D:1:      sevenhm_arrival_forest_fort_small_4, layout_basic,
          grunt_decor_junction
D:2:      layout_basic, serial_shops, nicolae_shop_peninsula,
          basic_ecumenical_altar, dreamdust_princess_bridge
D:3:      layout_loops_ring, kennysheep_generic_room_6
D:4:      layout_loops_cross, vehumet_statue, nicolae_titane

Skill      XL: |  1  2  3  4  5 |
---------------+----------------+-----
Fighting       | 1 2 3 |  3.7
Axes           | 3 |  3.4
Dodging        | 2 3 |  3.6
Stealth        | |  1.0
Spellcasting   | |  1.0
Necromancy     | |  2.1
Evocations     | |  2.0

Action                     |  1- 3 |  4- 6 || total
---------------------------+-------+-------++-------
  Melee: Hand axe          |   106 |    97 ||   203
         Punch             |     1 |     1 ||     2
  Evoke: Wand              |     1 |       ||     1
    Use: Scroll            |     2 |       ||     2
         Potion            |       |     5 ||     5
   Stab: Sleeping          |     1 |       ||     1
 Armour: Leather armour    |    43 |    60 ||   103
  Dodge: Dodged            |    50 |    84 ||   134

Table legend: (Time is in decaauts)
 A = Elapsed time spent in this place.
 B = Non-inter-level travel time spent in this place.
 C = Inter-level travel time spent in this place.
 D = Time resting spent in this place.
 E = Time spent auto-exploring this place.
 F = Levels seen in this place.
 G = Mean time per level.
                   A        B        C        D        E       F      G
               +--------+--------+--------+--------+--------+-----+--------+
         Total |   3075 |   2916 |    159 |    144 |   2214 |   4 |  768.8 |
       Dungeon |   3075 |   2916 |    159 |    144 |   2214 |   4 |  768.8 |
               +--------+--------+--------+--------+--------+-----+--------+

Top non-repeatable levels by time:
     D:2: 1198 daAuts
     D:1: 836 daAuts
     D:3: 755 daAuts
     D:4: 284 daAuts

Table legend:
 A = Kills in this place as a percentage of kills in the entire game.
 B = Kills by you in this place as a percentage of kills by you in the entire game.
 C = Kills by friends in this place as a percentage of kills by friends in the entire game.
 D = Other kills in this place as a percentage of other kills in the entire game.
 E = Experience gained in this place as a percentage of experience gained in the entire game.
 F = Experience gained in this place divided by the number of levels of this place that you have seen.
                   A       B       C       D       E      F
               +-------+-------+-------+-------+-------+----------------------
         Total | 100.0 | 100.0 |   N/A |   N/A | 100.0 |  98.5
       Dungeon | 100.0 | 100.0 |   N/A |   N/A | 100.0 |  98.5
               +-------+-------+-------+-------+-------+----------------------
